 Dungeon Crawl Stone Soup version 0.22-b1-26-g9dbaab1112 (webtiles) character file.

1136 Pisosu the Covered (level 8, -3/70 HPs)
             Began as a Minotaur Fighter on Aug 9, 2018.
             Killed from afar by an orc (9 damage)
             ... with a wand of flame (26)
             ... on level 6 of the Dungeon.
             The game lasted 00:10:36 (4660 turns).

Pisosu the Covered (Minotaur Fighter)               Turns: 4660, Time: 00:10:36

Health: -3/70      AC: -4    Str: 22    XL:     8   Next: 14%
Magic:  7/7        EV:  8    Int:  5    God:
Gold:   286        SH: 11    Dex: 11    Spells: 7/7 levels left

rFire    . . .     SeeInvis .   D - +4 mace
rCold    . . .     Gourm    .   c - +0 shield
rNeg     + . .     Faith    .   b - +0 scale mail
rPois    .         Spirit   .   (helmet restricted)
rElec    .         Reflect  .   (no cloak)
rCorr    .         Harm     .   (no gloves)
MR       .....                  (no boots)
Stlth    ..........             u - amulet of inaccuracy (curse)
HPRegen  0.21/turn              a - ring of positive energy
MPRegen  0.10/turn              (no ring)

@: corroded
A: retaliatory headbutt, horns 2
a: no special abilities


You were on level 6 of the Dungeon.
You were not hungry.

You visited 1 branch of the dungeon, and saw 6 of its levels.

You collected 286 gold pieces.

Inventory:

Hand Weapons
 y - a +0 blowgun
 D - a +4 mace (weapon)
 E - a +2 quarterstaff of chaos
Missiles
 k - 32 bolts
 q - 2 poisoned javelins (quivered)
 s - 22 poisoned needles
Armour
 b - a +0 scale mail (worn)
 c - a +0 shield (worn)
 C - a +0 cloak
Jewellery
 a - a ring of positive energy (left hand)
 m - an uncursed amulet of regeneration
 u - a cursed amulet of inaccuracy (around neck)
Wands
 F - a wand of polymorph (11)
Scrolls
 g - a scroll of immolation
 h - 2 scrolls of noise
 i - 3 scrolls of amnesia
 j - 2 scrolls of fog {unknown}
 n - a scroll of teleportation
 p - a scroll of random uselessness {unknown}
 v - a scroll of fear {unknown}
 x - 3 scrolls of remove curse {unknown}
 z - a scroll of blinking {unknown}
 B - a scroll of enchant armour
 H - a scroll of enchant weapon {unknown}
 I - a scroll of identify
Potions
 d - a potion of might
 e - a potion of curing
 l - 3 potions of haste
 o - 2 potions of invisibility {unknown}
 r - 2 potions of lignification {unknown}
 t - a potion of ambrosia {unknown}
 A - 2 potions of brilliance
 G - a potion of heal wounds {unknown}
Comestibles
 f - 10 rations
 w - a chunk of flesh


   Skills:
 + Level 5.7 Fighting
 + Level 6.9 Maces & Flails
 + Level 6.9 Armour
 + Level 6.9 Shields


You had 7 spell levels left.
You didn't know any spells.
Your spell library contained the following spells:

 Spells                   Type           Power        Failure   Level  Hunger
 Spider Form              Tmut/Pois      #.........   100%        3    ####...
 Blade Hands              Tmut           #.........   100%        5    ######.
 Ice Form                 Ice/Tmut       #.......     100%        4    #####..
 Sticks to Snakes         Tmut           #.......     99%         2    ###....
 Beastly Appendage        Tmut           #.....       98%         1    ##.....


Dungeon Overview and Level Annotations

Branches:
Dungeon (6/15)
 Temple: D:4-7

Altars:
Zin


Innate Abilities, Weirdness & Mutations

You reflexively headbutt those who attack you in melee.
You have a pair of horns on your head.


Message History

You are splashed with acid!
The acid burns!
* * * LOW HITPOINT WARNING * * *
Sorry, you're not good enough to have a special ability.
Okay, then.
Okay, then.
As you read the scroll of teleportation, it crumbles to dust.
You feel strangely unstable. The jelly barely misses you.
Your surroundings suddenly seem different.
Found an escape hatch in the floor.
You start resting.
An orc comes into view. It is wielding a war axe.
An orc is nearby!
The orc shouts!
You hear a shout! x3
Found a leather armour, 19 gold pieces and a murky red potion.
The orc zaps a wand.
You block the puff of flame.
It is a wand of flame (27).
The orc zaps a wand.
The puff of flame misses you. The orc barely misses you.
You barely miss the orc. You headbutt the orc, but do no damage.
The orc zaps a wand.
The puff of flame hits you!
You die...

### ... #.# #.#
#.# #.# #o#####
.######@....##.
...............
$..[###.....#..
.. #.....#
#..>..# #.....#
#.##### #.! ...


You could see an orc.

Vanquished Creatures
  2 phantoms
  A black bear (D:5)
  An ogre (D:4)
  2 howler monkeys (D:5)
  A crimson imp (D:5)
  A bullfrog zombie (D:5)
  A bullfrog skeleton (D:5)
  Crazy Yiuf (D:3)
  2 hounds
  An orc priest (D:5)
  2 iguanas (D:4)
  2 orc wizards
  5 worker ants
  A hound zombie (D:5)
  2 hound skeletons
  A howler monkey zombie (D:5)
  9 adders
  A shadow imp (D:6)
  An ooze (D:1)
  An adder skeleton (D:4)
  3 worms
  2 dart slugs
  3 leopard geckos
  13 orcs
  8 bats
  8 giant cockroaches
  8 goblins
  12 hobgoblins
  4 jackals (D:2)
  A quokka (D:2)
  2 ball pythons
  A ball python skeleton (D:4)
  5 frilled lizards
  10 kobolds
  A quokka zombie (D:5)
  11 rats
130 creatures vanquished.

Notes
Turn   | Place    | Note
-------+----------+-------------------------------------------
     0 | D:1      | Pisosu the Minotaur Fighter began the quest for the Orb.
     0 | D:1      | Reached XP level 1. HP: 19/19 MP: 0/0
    88 | D:1      | Reached XP level 2. HP: 27/27 MP: 1/1
   572 | D:1      | Reached XP level 3. HP: 33/33 MP: 2/2
  1016 | D:2      | You fall through a shaft!
  1020 | D:3      | Reached XP level 4. HP: 39/40 MP: 3/3
  1162 | D:2      | Found a glowing silver altar of Zin.
  2185 | D:3      | Found a faded altar of an unknown god.
  2441 | D:3      | Reached XP level 5. HP: 46/47 MP: 4/4
  2712 | D:3      | Found a runed door.
  2716 | D:3      | Noticed Crazy Yiuf
  2722 | D:3      | Killed Crazy Yiuf
  2722 | D:3      | Reached skill level 5 in Shields
  2810 | D:4      | Reached skill level 5 in Armour
  3030 | D:5      | Entered Level 5 of the Dungeon
  3063 | D:5      | Reached XP level 6. HP: 52/53 MP: 5/5
  3207 | D:5      | Reached skill level 5 in Maces & Flails
  3473 | D:5      | Reached XP level 7. HP: 59/60 MP: 6/6
  3547 | D:5      | Reached skill level 5 in Fighting
  4269 | D:4      | Reached XP level 8. HP: 48/69 MP: 7/7
  4642 | D:6      | HP: 3/70 [acid (7)]
  4660 | D:6      | Killed from afar by an orc

Skill      XL: |  1  2  3  4  5  6  7 |
---------------+----------------------+-----
Armour         | 4 5 6 |  6.9
Fighting       | 4 5 |  5.7
Shields        | 4 5 6 |  6.9
Maces & Flails | 3 4 5 6 |  6.9

Action                   |  1- 3 |  4- 6 |  7- 9 || total
-------------------------+-------+-------+-------++-------
Melee: Flail             |    88 |   144 |       ||   232
       Headbutt          |    13 |    39 |    21 ||    73
       Whip              |       |    41 |       ||    41
       Mace              |       |   104 |   131 ||   235
Throw: Javelin           |       |       |     1 ||     1
  Use: Scroll            |       |     6 |     3 ||     9
       Potion            |       |     1 |       ||     1
  Eat: Chunk             |       |     9 |     4 ||    13
Armor: Scale mail        |    51 |   107 |    29 ||   187
Dodge: Dodged            |    24 |    83 |    39 ||   146
Block: Shield            |    57 |   152 |    66 ||   275
